AoeStats
← Reis

Highland

506839276Analyzed
4v4 RM · 18d ago on Sep 15, 2026· 45m 16s· 8 players
Game mode
Random Map
Map size
Large (8 player)
Population
200
Speed
Normal
Resources
Standard
Victory
Conquest
Starting age
Dark Age
Ending age
Imperial Age
RankedLock teamsTeams togetherTeam positionsShared explorationLock speedFull tech treeHidden civsTurbo modeCheats
Victory
Defeat
🇹🇼 Maya · Taiwan
1348
+13
🇵🇱 Ethiopians · Poland
1346
+13
🇨🇭 Bulgarians · Switzerland
1329
+14
🇨🇦 Mongols · Canada
1284
+16
🇨🇳 Mongols · China
1359
-18
🇻🇳 Mapuche · Vietnam
1294
-14
🇻🇳 Ethiopians · Vietnam
1259
-13
🇹🇼 Tupi · Taiwan
1209
-11
aoegamer115
10:30 Feudal Age
9:58 Loom
11:15 Double-Bit Axe
11:12 Fishing Lines
15:04 Town Watch
17:56 Castle Age
17:04 Stone Mining
17:05 Gold Mining
18:27 Gillnets
18:51 Bow Saw
20:54 Fletching
21:40 Caravan
23:48 Wheelbarrow
26:11 Gold Shaft Mining
26:03 Bodkin Arrow
26:09 Padded Archer Armor
27:23 Leather Archer Armor
28:28 Hand Cart
28:48 Husbandry
28:59 Bloodlines
32:49 Imperial Age
31:26 Thumb Ring
32:55 Elite Mangudai
33:56 Conscription
33:57 Drill
33:01 Onager
33:43 Bracer
34:11 Ballistics
34:52 Chemistry
34:29 Parthian Tactics
34:55 Siege Onager
35:53 Siege Engineers
37:32 Masonry
Reis
4:06 Loom
12:31 Feudal Age
17:29 Castle Age
16:33 Forging
16:14 Double-Bit Axe
17:18 Scale Barding Armor
17:21 Fishing Lines
18:49 Horse Collar
19:30 Fletching
24:21 Bodkin Arrow
28:32 Husbandry
28:42 Bloodlines
30:26 Chain Barding Armor
32:08 Bow Saw
42:41 Imperial Age
40:49 Wheelbarrow
41:57 Hand Cart
43:18 Iron Casting
42:49 Gold Mining
43:36 Heavy Plow
44:21 Plate Barding Armor
43:40 Light Cavalry
Czotyn
7:55 Loom
10:17 Feudal Age
15:37 Fletching
24:16 Castle Age
22:44 Double-Bit Axe
26:42 Forging
26:32 Scale Mail Armor
26:39 Squires
26:24 Arson
26:38 Horse Collar
27:16 Bow Saw
35:56 Iron Casting
35:36 Chain Mail Armor
37:03 Wheelbarrow
36:22 Gold Mining
36:24 Stone Mining
41:55 Imperial Age
40:55 Gold Shaft Mining
40:55 Stone Shaft Mining
40:42 Hand Cart
43:27 Elite Shotel Warrior
44:27 Conscription
45:08 Blast Furnace
44:38 Plate Mail Armor
HPer
0:59 Loom
10:29 Feudal Age
12:37 Double-Bit Axe
14:25 Fletching
21:54 Castle Age
22:18 Horse Collar
22:51 Bow Saw
22:42 Fishing Lines
22:48 Fishing Lines
23:15 Town Watch
23:24 Gold Mining
31:28 Imperial Age
30:06 Bodkin Arrow
31:44 Ballistics
31:29 Padded Archer Armor
33:05 Bracer
35:10 Chemistry
35:50 Wheelbarrow
36:41 Elite Plumed Archer
38:02 Conscription
38:27 Leather Archer Armor
39:48 Ring Archer Armor
42:11 Hand Cart
42:10 Thumb Ring
43:26 Hand Cart
43:12 Heavy Plow
AZ
0:43 Loom
12:31 Feudal Age
13:13 Double-Bit Axe
20:40 Castle Age
20:23 Scale Mail Armor
20:41 Gold Mining
20:44 Stone Mining
21:37 Squires
30:14 Fletching
31:35 Padded Archer Armor
32:56 Leather Archer Armor
35:01 Bodkin Arrow
38:25 Bow Saw
Lucky_Bois_VN
2:34 Loom
9:11 Feudal Age
9:58 Double-Bit Axe
14:33 Wheelbarrow
22:43 Castle Age
21:46 Scale Mail Armor
21:57 Forging
22:12 Fletching
22:23 Padded Archer Armor
22:47 Horse Collar
23:56 Bow Saw
23:50 Heavy Plow
24:09 Chain Mail Armor
24:25 Squires
26:01 Stone Mining
27:30 Hand Cart
27:05 Town Watch
35:06 Imperial Age
33:09 Gold Mining
33:19 Bodkin Arrow
34:15 Ballistics
34:43 Gold Shaft Mining
34:35 Thumb Ring
35:31 Leather Archer Armor
34:38 Crossbowman
35:39 Masonry
35:25 Murder Holes
36:17 Guilds
35:38 Arbalester
36:25 Bracer
37:58 Coinage
38:44 Two-Man Saw
39:13 Ring Archer Armor
39:47 Chemistry
39:05 Guilds
38:32 Elite Skirmisher
39:53 Halberdier
41:48 Banking
42:21 Plate Mail Armor
熙玄大帝
10:26 Feudal Age
14:35 Castle Age
12:41 Double-Bit Axe
13:08 Horse Collar
17:55 Wheelbarrow
23:25 Hand Cart
23:45 Gold Mining
24:07 Stone Mining
26:01 Gold Shaft Mining
29:08 Imperial Age
26:35 Fletching
26:47 Padded Archer Armor
26:58 Heavy Plow
27:57 Bow Saw
28:04 Bodkin Arrow
28:24 Leather Archer Armor
28:35 Bloodlines
28:26 Husbandry
29:32 Thumb Ring
30:08 Forging
30:04 Scale Barding Armor
30:37 Parthian Tactics
29:36 Light Cavalry
31:00 Stone Shaft Mining
31:15 Ballistics
31:55 Chemistry
31:02 Bracer
32:39 Conscription
32:44 Elite Mangudai
34:26 Iron Casting
34:11 Chain Barding Armor
34:48 Siege Engineers
35:34 Conscription
34:53 Hussar
37:02 Blast Furnace
38:31 Nomads
38:51 Drill
kkkkk1231231
10:52 Feudal Age
16:01 Castle Age
14:13 Horse Collar
17:17 Fletching
18:45 Loom
18:58 Double-Bit Axe
20:59 Bow Saw
26:13 Bodkin Arrow
27:42 Wheelbarrow
28:03 Gold Mining
30:34 Hand Cart
38:38 Heavy Plow
39:19 Gold Shaft Mining
43:59 Imperial Age
40:58 Elite Skirmisher
42:01 Padded Archer Armor
42:58 Leather Archer Armor
45:18 Ring Archer Armor
Connection lost

Rejoining the realm…

Still unreachable

The connection could not be restored.

Session expired

The server has moved on; the page needs a fresh start.